 Dungeon Crawl Stone Soup version 0.27-a0-1217-g8a41f320e8 (webtiles) character file.

Game seed: 17953275001948253551

45 polve the Cutter (level 3, 0/29 HPs)
             Began as a Demonspawn Abyssal Knight on June 5, 2021.
             Was a Follower of Lugonu.
             Slain by a bat (1 damage)
             ... on level 2 of the Dungeon.
             The game lasted 00:00:40 (1127 turns).

polve the Cutter (Demonspawn Abyssal Knight)        Turns: 1127, Time: 00:00:40

Health: 0/29       AC:  3    Str: 13    XL:     3   Next: 42%
Magic:  4/4        EV: 11    Int: 13    God:    Lugonu [*.....]
Gold:   38         SH:  0    Dex: 12    Spells: 2/2 levels left

rFire    . . .     SeeInvis .   a - +1 short sword
rCold    . . .     Faith    .   (no shield)
rNeg     . . .     Spirit   .   b - +0 leather armour
rPois    .         Reflect  .   (helmet restricted)
rElec    .         Harm     .   (no cloak)
rCorr    .         Rampage  .   (no gloves)
Will     .....                  (no boots)
Stlth    +.........             (no amulet)
HPRegen  0.09/turn              (no ring)
MPRegen  0.09/turn              (no ring)

@: no status effects
A: antennae 1
a: Renounce Religion, Depart the Abyss


You were on level 2 of the Dungeon.
You worshipped Lugonu.
Lugonu was aware of your devotion.
You visited 1 branch of the dungeon, and saw 2 of its levels.
You visited the Abyss 1 time.

You collected 38 gold pieces.

Inventory:

Hand Weapons
 a - a +1 short sword (weapon)
Armour
 b - a +0 leather armour (worn)
Scrolls
 c - 3 scrolls of vulnerability {unknown}
 d - a scroll of teleportation {unknown}
Potions
 e - a potion of curing {unknown}
 f - a potion of invisibility {unknown}


   Skills:
 - Level 3.0 Fighting
 + Level 3.5 Short Blades
 - Level 1.7 Armour
 - Level 0.8 Dodging
 - Level 2.4 Invocations


You had 2 spell levels left.
You didn't know any spells.
Your spell library was empty.

Dungeon Overview and Level Annotations

Branches:
Dungeon (2/15)

Altars:


Innate Abilities, Weirdness & Mutations

You have a pair of small antennae on your head.


Message History

You hit the adder.
You kill the adder!
Lugonu accepts your kill. The bat hits you but does no damage.
You hit the kobold but do no damage. You closely miss the kobold.
The bat closely misses you. The kobold hits you but does no damage.
You barely miss the kobold. The kobold hits you with a +0 dagger.
* * * LOW HITPOINT WARNING * * *
The bat closely misses you.
You hit the kobold.
You kill the kobold!
Lugonu accepts your kill. The bat hits you but does no damage.
You closely miss the bat. The bat hits you.
* * * LOW HITPOINT WARNING * * *
You miss the bat. The bat hits you but does no damage.
The bat closely misses you.
You miss the bat. The bat hits you but does no damage.
You hit the hobgoblin.
The hobgoblin is almost dead.
The bat barely misses you. The hobgoblin barely misses you.
You barely miss the hobgoblin.
The hobgoblin is almost dead.
The bat hits you but does no damage. The hobgoblin closely misses you.
You closely miss the hobgoblin.
The hobgoblin is almost dead.
The bat hits you but does no damage. The hobgoblin hits you.
* * * LOW HITPOINT WARNING * * *
You hit the hobgoblin.
You kill the hobgoblin!
Lugonu accepts your kill. The bat hits you.
* * * LOW HITPOINT WARNING * * *
There is a stone staircase leading up here.
Things that are here:
a +0 dagger; a kobold corpse The bat hits you but does no damage.
The bat hits you.
You die...

.. . .# .. .# #..
##. #...###..
......# #.#..#
#####..
#...)###.......
##.#@b<..#
#..†##........
##...##.......
#..... .......
........#......
................
........###......
.##..#... ......


You could see a bat.

Vanquished Creatures
  An adder (D:2)
  A dart slug (D:1)
  2 ball pythons (D:1)
  2 bats
  2 endoplasms (D:1)
  A giant cockroach (D:1)
  4 goblins (D:1)
  5 hobgoblins
  2 jackals (D:1)
  5 kobolds
  2 frilled lizards (D:1)
  3 rats (D:1)
30 creatures vanquished.

Notes
Turn   | Place    | Note
-------+----------+-------------------------------------------
     0 | Abyss:1  | polve the Demonspawn Abyssal Knight began the quest for the
                  | Orb.
     0 | Abyss:1  | Reached XP level 1. HP: 18/18 MP: 2/2
    81 | Abyss:1  | Noticed a chaos spawn
    85 | Abyss:1  | Noticed a large abomination
    94 | D:1      | Escaped the Abyss
   392 | D:1      | Reached * piety under Lugonu
   439 | D:1      | Gained mutation: You have a pair of small antennae on your
                  | head. [demonic ancestry]
   439 | D:1      | Reached XP level 2. HP: 23/24 MP: 3/3
   899 | D:1      | Reached XP level 3. HP: 26/29 MP: 4/4
   957 | D:1      | Found a faded altar of an unknown god.
  1124 | D:2      | HP: 1/29 [bat (1)]
  1127 | D:2      | Slain by a bat

Illustrated notes

Levels and vault maps discovered:
D:1:      erik_arrival_blinker_ship, layout_basic,
          hellmonk_ecumenical_altar_run_dry
D:2:      layout_rooms

Skill      XL: |  1  2 |
---------------+-------+-----
Short Blades   | 2 3 |  3.5
Fighting       | |  3.0
Armour         | |  1.7
Dodging        | |  0.8
Invocations    | |  2.4

Action                   || total
-------------------------++-------
Melee: Short sword       ||   113
Invok: Depart the Abyss  ||     1
Armor: Leather armour    ||    39
Dodge: Dodged            ||    78

Table legend: (Time is in decaauts)
 A = Elapsed time spent in this place.
 B = Non-inter-level travel time spent in this place.
 C = Inter-level travel time spent in this place.
 D = Time resting spent in this place.
 E = Time spent auto-exploring this place.
 F = Levels seen in this place.
 G = Mean time per level.
                   A        B        C        D        E       F      G
               +--------+--------+--------+--------+--------+-----+--------+
         Total |   1121 |   1084 |     37 |      0 |    861 |   3 |  373.7 |
       Dungeon |   1027 |    990 |     37 |      0 |    780 |   2 |  513.5 |
         Abyss |     94 |     94 |      0 |      0 |     81 |   1 |   94.0 |
               +--------+--------+--------+--------+--------+-----+--------+

Top non-repeatable levels by time:
     D:1: 988 daAuts
 Abyss:1: 94 daAuts
     D:2: 38 daAuts
